Map: Beckett Industries LE

Players

DPGZest (Zest) - Winner!

  • Race: Protoss Protoss

Reynor

  • Race: Zerg Zerg

Event: DreamHack SC2 Masters 2021 Summer

VOD

Have the link to the VOD?

Description

Time

  • Played on: July 1, 2021, 11:25 a.m.
  • Length: 25:15

All games in this series

Show
View Real Time Build Order
Export as new Build Order

DPGZest Protoss - Winner!

Build Orders: 1 Gate Expand, Oracle Opening, Carriers 

Get SALT Encoding   

  12  0:00  Probe  
  13  0:12  Probe  
  14  0:17  Pylon  
  14  0:24  Probe  
  15  0:36  Probe (Chrono Boost)  
  15  0:39  Gateway  
  16  0:46  Probe (Chrono Boost)  
  17  0:50  Assimilator  
  17  0:51  Probe  
  18  1:03  Probe  
  19  1:15  Probe  
  20  1:27  Nexus  
  20  1:38  Cybernetics Core  
  20  1:40  Probe  
  20  1:45  Assimilator  
  21  1:52  Probe  
  22  1:56  Pylon  
  22  2:05  Probe (Chrono Boost)  
  23  2:14  Adept  
  26  2:16  Probe (Chrono Boost)  
  26  2:19  Stargate  
  26  2:21  Probe (Chrono Boost)  
  26  2:26  Warp Gate  
  27  2:35  Probe (Chrono Boost)  
  28  2:40  Probe (Chrono Boost)  
  29  2:46  Adept  
  29  2:49  Probe x2 (Chrono Boost)  
  33  2:53  Void Ray (Chrono Boost)  
  33  2:54  Probe  
  33  2:56  Probe  
  39  3:06  Probe  
  39  3:08  Probe  
  39  3:11  Pylon  
  41  3:18  Probe  
  41  3:19  Gateway  
  42  3:22  Probe  
  42  3:26  Oracle (Chrono Boost)  
  43  3:30  Probe  
  47  3:35  Probe  
  48  3:42  Probe  
  48  3:48  Probe  
  49  3:55  Probe  
  50  3:58  Nexus  
  50  3:59  Pylon  
  50  4:03  Probe  
  50  4:06  Assimilator  
  50  4:08  Assimilator  
  50  4:09  Probe  
  52  4:15  Probe, Stargate  
  53  4:21  Probe, Protoss Air Weapons Level 1  
  54  4:28  Probe, Pylon  
  54  4:31  Void Ray  
  55  4:33  Probe, Pylon  
  60  4:40  Probe  
  62  4:45  Probe  
  62  4:48  Forge  
  62  4:52  Probe  
  63  4:57  Probe  
  64  5:01  Shield Battery  
  64  5:04  Probe (Chrono Boost), Pylon  
  65  5:10  Probe (Chrono Boost), Void Ray x2  
  65  5:11  Probe (Chrono Boost)  
  67  5:16  Probe (Chrono Boost)  
  78  5:21  Probe (Chrono Boost)  
  78  5:22  Probe (Chrono Boost)  
  78  5:24  Probe (Chrono Boost)  
  78  5:25  Photon Cannon  
  78  5:26  Probe (Chrono Boost)  
  78  5:27  Probe (Chrono Boost)  
  80  5:30  Probe  
  80  5:32  Robotics Facility  
  82  5:36  Probe  
  82  5:39  Probe  
  85  5:42  Probe  
  85  5:47  Pylon  
  85  5:48  Probe, Void Ray x2 (Chrono Boost), Assimilator  
  85  5:49  Assimilator  
  86  5:55  Probe  
  86  5:56  Probe  
  96  5:57  Pylon  
  96  6:00  Probe, Pylon  
  94  6:19  Void Ray (Chrono Boost)  
  94  6:20  Void Ray (Chrono Boost)  
  94  6:23  Gateway  
  94  6:24  Gateway, Robotics Bay  
  94  6:25  Observer  
  103  6:26  Gateway  
  103  6:28  Gateway  
  103  6:30  Photon Cannon  
  103  6:31  Shield Battery  
  103  6:32  Probe x2  
  105  6:39  Pylon  
  105  6:47  Pylon  
  105  6:48  Observer, Photon Cannon  
  105  6:50  Void Ray (Chrono Boost)  
  105  6:51  Shield Battery  
  105  6:52  Photon Cannon  
  105  6:53  Void Ray (Chrono Boost), Shield Battery  
  114  7:19  Disruptor (Chrono Boost)  
  117  7:23  Photon Cannon  
  117  7:25  Observer  
  117  7:33  Void Ray x2 (Chrono Boost)  
  113  7:42  Gateway  
  113  7:43  Gateway  
  121  7:44  Stargate  
  121  7:48  Zealot x2  
  121  7:49  Disruptor (Chrono Boost), Zealot x3, Fleet Beacon  
  131  7:51  Observer, Nexus  
  134  7:59  Observer  
  134  8:00  Pylon  
  134  8:02  Observer  
  134  8:08  Observer, Pylon  
  134  8:09  Pylon  
  134  8:18  Photon Cannon  
  134  8:28  Probe x3  
  134  8:32  Carrier x2 (Chrono Boost)  
  136  8:40  Probe x3, Carrier (Chrono Boost)  
  157  8:45  Pylon  
  157  8:46  Pylon  
  157  8:48  Pylon  
  157  8:49  Pylon  
  157  8:52  Probe  
  157  8:54  Photon Cannon  
  158  8:56  Photon Cannon  
  158  8:57  Observer  
  158  8:58  Photon Cannon, Shield Battery  
  158  9:05  Zealot  
  158  9:06  Zealot x3  
  154  9:19  Protoss Ground Weapons Level 1 (Chrono Boost)  
  154  9:21  Carrier (Chrono Boost)  
  160  9:24  Twilight Council  
  160  9:32  Assimilator  
  160  9:37  Assimilator  
  160  9:39  Carrier  
  160  9:44  Carrier  
  171  9:55  Zealot x5  
  181  10:03  Charge (Chrono Boost)  
  181  10:05  Photon Cannon, Cybernetics Core  
  181  10:10  Templar Archives  
  181  10:11  Photon Cannon  
  181  10:17  Cybernetics Core  
  181  10:28  Immortal (Chrono Boost)  
  181  10:30  Gateway  
  181  10:32  Gateway  
  185  10:37  Psionic Storm  
  185  10:43  Robotics Facility  
  185  10:45  Robotics Facility  
  185  10:50  High Templar x4  
  193  10:57  Gravitic Boosters  
  193  11:01  Photon Cannon  
  193  11:05  Immortal (Chrono Boost)  
  189  11:20  Protoss Ground Weapons Level 2 (Chrono Boost), Protoss Air Weapons Level 2 (Chrono Boost)  
  189  11:22  Flux Vanes  
  189  11:39  Immortal (Chrono Boost)  
  185  11:43  Oracle  
  200  11:49  Immortal (Chrono Boost)  
  200  11:51  Immortal (Chrono Boost)  
  196  11:54  Gravitic Drive (Chrono Boost)  
  196  12:01  Mothership (Chrono Boost)  
  196  12:11  Blink  
  196  12:12  Gateway  
  196  12:13  Gateway  
  196  12:14  Observer (Chrono Boost)  
  197  12:15  Gateway  
  197  12:16  Protoss Air Armor Level 1 (Chrono Boost)  
  197  12:18  Gateway  
  199  12:31  Warp Prism (Chrono Boost)  
  199  12:32  Dark Shrine  
  197  13:02  Photon Cannon  
  197  13:06  Photon Cannon  
  197  13:12  Nexus  
  197  13:16  Pylon  
  197  13:19  Assimilator  
  197  13:21  Assimilator  
  196  13:44  Protoss Ground Weapons Level 3 (Chrono Boost)  
  196  13:46  Protoss Air Weapons Level 3 (Chrono Boost)  
  196  14:06  Observer x2  
  198  14:17  Photon Cannon  
  198  14:20  Photon Cannon  
  198  14:21  Photon Cannon x2  
  198  14:22  Observer  
  198  14:23  Photon Cannon, Shield Battery  
  199  14:25  Shield Battery  
  199  14:26  Shield Battery  
  199  14:27  Observer  
  182  15:01  Carrier (Chrono Boost)  
  200  15:07  Protoss Air Armor Level 2 (Chrono Boost), Stargate  
  200  15:08  Stargate  
  200  15:10  Stargate  
  200  15:11  Carrier x2 (Chrono Boost)  
  200  15:14  Stargate  
  200  15:16  Stargate  
  200  15:21  Pylon  
  200  15:22  Observer  
  184  15:58  Carrier  
  190  16:06  High Templar x4  
  190  16:08  Photon Cannon  
  190  16:09  Photon Cannon  
  198  16:11  Photon Cannon  
  198  16:13  Photon Cannon  
  198  16:14  Shield Battery  
  198  16:16  Shield Battery  
  192  16:49  Protoss Shields Level 1 (Chrono Boost)  
  192  17:02  High Templar x4  
  200  17:19  Archon x2  
  200  17:38  Observer (Chrono Boost)  
  197  18:11  Observer  
  161  18:24  Stalker x3  
  161  18:25  Stalker x10  
  161  18:26  Stalker  
  185  18:38  Observer  
  179  18:53  Stalker x8  
  179  18:54  Stalker x5  
  197  19:07  Observer  
  190  20:06  Protoss Shields Level 2 (Chrono Boost), Mothership (Chrono Boost)  
  168  20:14  Carrier x5  
  180  20:49  Immortal (Chrono Boost)  
  172  20:50  Immortal (Chrono Boost)  
  184  21:01  Immortal (Chrono Boost)  
  184  21:11  Stalker x3  
  186  21:13  Void Ray x5 (Chrono Boost)  
  186  21:17  Protoss Air Armor Level 3 (Chrono Boost)  
  172  21:23  Void Ray (Chrono Boost), Warp Prism (Chrono Boost)  
  196  21:32  Observer  
  194  21:48  High Templar x3  
  199  22:13  Observer  
  199  22:14  Nexus  
  188  22:49  High Templar x7  
  199  22:51  Observer  
  199  22:52  Archon  
  199  22:53  Archon x2  
  199  22:58  Nexus  
  200  22:59  Pylon  
  193  23:39  Observer (Chrono Boost)  
  171  23:55  Observer x2 (Chrono Boost)  
  172  24:03  Pylon  
  172  24:04  Observer (Chrono Boost)  
  172  24:05  Assimilator  
  172  24:09  Void Ray x3 (Chrono Boost)  
  172  24:10  Void Ray (Chrono Boost)  
  172  24:14  Nexus  
  172  24:19  Void Ray x2 (Chrono Boost)  
  172  24:20  Void Ray (Chrono Boost)  
  199  24:41  Assimilator  
  192  25:11  Archon  
Show
View Real Time Build Order
Export as new Build Order

Reynor Zerg 

Build Orders: Hatch First, Lurkers, Roach Hydra 

Get SALT Encoding   

  12  0:00  Drone  
  13  0:12  Overlord  
  13  0:17  Drone  
  14  0:30  Drone x2  
  16  0:49  Drone  
  17  0:51  Drone  
  18  0:57  Hatchery  
  18  1:00  Drone  
  18  1:06  Extractor  
  17  1:15  Spawning Pool  
  16  1:19  Drone  
  16  1:21  Drone  
  18  1:28  Drone  
  19  1:38  Drone  
  20  1:49  Overlord  
  20  2:02  Queen  
  20  2:07  Metabolic Boost  
  22  2:09  Zergling x2  
  22  2:10  Zergling x2  
  22  2:11  Queen  
  22  2:13  Drone  
  27  2:20  Drone  
  27  2:22  Drone  
  29  2:32  Drone x2  
  31  2:42  Hatchery  
  30  2:48  Queen  
  32  2:53  Overlord  
  32  2:56  Drone  
  32  2:58  Drone  
  34  3:00  Zergling x2  
  34  3:04  Zergling x2  
  36  3:08  Overlord  
  36  3:13  Queen  
  36  3:16  Drone  
  36  3:19  Drone x2  
  41  3:22  Drone  
  41  3:24  Drone  
  44  3:27  Drone  
  44  3:31  Queen  
  46  3:41  Drone x3  
  46  3:46  Overlord  
  48  3:49  Queen  
  48  3:55  Queen  
  52  3:56  Drone x2  
  52  3:57  Drone  
  52  3:59  Zergling x2  
  52  4:01  Zergling x2  
  57  4:03  Drone  
  57  4:06  Drone x2  
  60  4:10  Drone  
  60  4:14  Overlord  
  61  4:18  Drone  
  61  4:21  Drone x4, Spore Crawler  
  63  4:26  Overlord  
  63  4:28  Drone x2  
  66  4:34  Drone x2  
  66  4:35  Roach Warren  
  66  4:37  Overlord  
  67  4:39  Drone  
  67  4:41  Drone  
  67  4:42  Drone  
  70  4:49  Lair  
  70  4:50  Drone x3  
  70  4:52  Overlord  
  73  4:55  Overlord  
  73  4:57  Drone  
  73  4:58  Drone  
  73  4:59  Drone  
  76  5:00  Drone  
  76  5:01  Drone  
  76  5:03  Drone x2  
  76  5:04  Drone  
  81  5:07  Evolution Chamber  
  81  5:09  Extractor  
  81  5:11  Extractor, Queen  
  81  5:13  Drone x2  
  82  5:14  Drone  
  82  5:15  Drone  
  82  5:18  Drone x2  
  86  5:22  Drone  
  86  5:23  Drone, Queen  
  86  5:24  Overlord  
  86  5:27  Drone x2  
  92  5:30  Extractor  
  92  5:31  Drone  
  92  5:36  Overlord  
  92  5:37  Zerg Missile Weapons Level 1  
  92  5:40  Drone x2  
  92  5:41  Extractor  
  92  5:42  Extractor  
  92  5:47  Queen, Overlord  
  94  5:56  Hatchery  
  93  5:57  Queen  
  93  5:59  Overseer  
  93  6:01  Overlord  
  95  6:07  Overlord  
  95  6:14  Queen  
  95  6:17  Drone x6  
  95  6:18  Drone x7  
  109  6:20  Overlord  
  109  6:24  Drone  
  109  6:25  Overlord  
  111  6:26  Infestation Pit  
  111  6:30  Queen  
  112  6:35  Overlord  
  112  6:37  Drone, Spore Crawler  
  112  6:38  Drone x3  
  112  6:39  Drone  
  116  6:43  Overlord  
  116  6:45  Drone x3  
  119  6:50  Overlord  
  119  6:54  Spore Crawler  
  119  6:58  Overlord  
  118  7:09  Queen x2, Hive  
  118  7:14  Overlord  
  120  7:20  Overlord  
  120  7:21  Queen  
  120  7:28  Overlord  
  118  7:34  Overlord  
  118  7:38  Drone x2  
  118  7:39  Extractor x2, Zerg Missile Weapons Level 2  
  118  7:40  Glial Reconstitution  
  118  7:41  Hydralisk Den, Roach x8  
  118  7:42  Roach x3  
  118  7:44  Zergling x6, Roach x3  
  147  7:45  Overseer x2  
  147  7:47  Queen  
  147  7:48  Overlord  
  150  7:52  Zergling x8, Roach x3  
  150  7:56  Spore Crawler  
  159  8:01  Queen  
  159  8:02  Overlord  
  160  8:13  Overlord  
  160  8:17  Drone x4, Muscular Augments  
  160  8:18  Drone x3  
  164  8:22  Spire, Viper  
  164  8:23  Lurker Den, Viper x2  
  171  8:27  Overlord  
  171  8:30  Zergling x2  
  171  8:31  Zergling x14  
  179  8:34  Hydralisk x2  
  179  8:36  Hydralisk  
  179  8:39  Pneumatized Carapace  
  179  8:40  Overseer  
  179  8:41  Hydralisk  
  185  8:47  Hydralisk x2  
  185  8:48  Hydralisk x4  
  193  8:50  Overlord  
  193  8:52  Hatchery  
  198  8:56  Spore Crawler  
  198  9:00  Spore Crawler  
  196  9:09  Overlord  
  192  9:14  Hydralisk x6  
  197  9:17  Overlord  
  198  9:24  Drone x2  
  198  9:27  Seismic Spines, Spore Crawler x2  
  198  9:28  Grooved Spines, Spore Crawler  
  196  9:38  Hydralisk, Zergling x2  
  198  9:42  Extractor  
  198  9:45  Extractor  
  195  10:03  Drone x3, Zerg Flyer Weapons Level 1  
  195  10:04  Drone x2  
  200  10:12  Spore Crawler x3  
  200  10:13  Spore Crawler  
  196  10:14  Spore Crawler x2  
  196  10:16  Spore Crawler  
  196  10:20  Spore Crawler  
  191  10:22  Spore Crawler x2, Lurker x5  
  191  10:23  Hydralisk, Lurker  
  191  10:24  Hydralisk  
  191  10:28  Drone x4  
  199  10:29  Zerg Missile Weapons Level 3  
  199  10:36  Spore Crawler  
  199  10:37  Spore Crawler x4  
  199  10:38  Spore Crawler x3  
  199  10:42  Burrow  
  191  10:45  Lurker x4  
  193  10:50  Drone  
  193  10:51  Drone x2  
  193  10:53  Drone x2, Spore Crawler x2  
  193  10:56  Spore Crawler  
  195  10:57  Spore Crawler x2  
  195  11:01  Drone x2, Spire  
  195  11:03  Drone  
  195  11:06  Drone x2  
  197  11:17  Adaptive Talons  
  195  11:30  Lurker x3  
  195  11:31  Lurker  
  199  11:51  Spore Crawler  
  198  11:58  Zerg Flyer Weapons Level 2  
  198  12:02  Corruptor  
  200  12:17  Spore Crawler x2  
  200  12:18  Spore Crawler x2  
  193  12:28  Lurker x5  
  198  12:31  Overlord  
  198  12:32  Zerg Flyer Armor Level 1  
  198  12:38  Drone x2  
  199  12:45  Spore Crawler  
  199  12:46  Spore Crawler x2  
  199  12:47  Spore Crawler x2  
  199  12:49  Spore Crawler  
  193  12:56  Corruptor x3  
  199  13:06  Zerg Ground Armor Level 1, Spore Crawler  
  199  13:11  Spore Crawler x4  
  194  13:15  Overseer, Corruptor x3  
  199  13:33  Corruptor  
  199  13:34  Corruptor x4  
  191  13:40  Spore Crawler  
  194  13:41  Corruptor x3  
  194  13:42  Spore Crawler  
  194  13:43  Spore Crawler  
  194  13:46  Drone  
  199  14:00  Corruptor  
  199  14:06  Corruptor  
  199  14:07  Corruptor x6  
  199  14:15  Spore Crawler  
  199  14:16  Spore Crawler  
  197  14:18  Drone x2  
  199  14:24  Zerg Flyer Weapons Level 3  
  199  14:26  Zerg Flyer Armor Level 2  
  196  14:44  Corruptor x4  
  199  14:56  Viper x2  
  197  15:00  Drone x2  
  196  15:21  Drone  
  196  15:22  Drone x2  
  199  15:51  Spore Crawler x2  
  199  15:52  Spore Crawler  
  199  15:53  Spore Crawler  
  192  15:58  Corruptor x3  
  198  16:19  Drone  
  199  16:33  Zerg Ground Armor Level 2  
  199  16:36  Overseer x2  
  199  16:42  Corruptor x2  
  197  16:59  Hatchery  
  196  17:03  Corruptor  
  199  17:08  Drone  
  195  17:55  Spore Crawler  
  156  18:12  Corruptor x6  
  124  18:21  Hydralisk x13  
  124  18:22  Zergling x12  
  124  18:26  Hydralisk x16  
  185  18:29  Hydralisk x4  
  185  18:30  Hydralisk x3  
  185  18:32  Overlord  
  199  18:39  Hydralisk x3  
  200  18:47  Hydralisk x7  
  163  18:57  Lurker  
  163  18:58  Lurker x7  
  156  19:07  Lurker  
  150  19:10  Lurker x5  
  150  19:11  Lurker x2  
  150  19:12  Overlord x3  
  143  19:19  Overlord  
  142  19:32  Corruptor  
  142  19:33  Corruptor x2  
  148  19:44  Corruptor  
  138  19:52  Hydralisk  
  124  19:53  Hydralisk  
  123  20:19  Drone x3, Spawning Pool  
  119  20:48  Drone x2  
  119  20:56  Drone x2  
  114  21:09  Lair  
  111  21:13  Drone x2  
  111  21:14  Drone x3  
  109  21:34  Hatchery  
  101  22:13  Hydralisk Den  
  101  22:14  Infestation Pit  
  99  22:21  Drone x4  
  99  22:46  Hydralisk x6  
  99  22:49  Hatchery  
  99  22:50  Queen  
  112  22:56  Infestor  
  112  22:58  Pathogen Glands, Infestor  
  114  23:04  Infestor  
  114  23:13  Overseer  
  114  23:16  Lurker Den, Infestor x4  
  102  23:38  Infestor x4  
  104  24:20  Lurker  
  104  24:21  Lurker x2  
  107  24:39  Hydralisk x2  
  111  24:46  Overlord  
Tags
 
Add a new tag
Caveats
  • Supply blocks, unpowered buildings, or Contaminate may cause inaccurate times.
  • Supply counts are checked every 10 seconds.